 Dungeon Crawl Stone Soup version 0.28-a0-464-g0687ed57fd (webtiles) character file.

Game seed: 15923786403903241861

64 Aggronaut the Chopper (level 3, -14/32 (33) HPs)
             Began as a Minotaur Berserker on Sept 14, 2021.
             Was a Believer of Trog.
             Demolished by Crazy Yiuf (15 damage)
             ... on level 2 of the Dungeon.
             The game lasted 00:01:57 (1856 turns).

Aggronaut the Chopper (Minotaur Berserker)          Turns: 1856, Time: 00:01:58

HP:   -14/32 (33)   AC:  9    Str: 21    XL:     3   Next: 91%
MP:   2/2           EV:  8    Int:  4    God:    Trog [**....]
Gold: 54            SH:  0    Dex: 10    Spells: 2/2 levels left

rFire   . . .      SeeInvis .   a - +0 hand axe
rCold   . . .      Faith    .   (no shield)
rNeg    . . .      Spirit   .   g - +0 chain mail
rPois   .          Reflect  .   (helmet restricted)
rElec   .          Harm     .   (no cloak)
rCorr   .          Rampage  .   (no gloves)
Will    .....                   (no boots)
Stlth   ..........              (no amulet)
HPRegen 0.10/turn               (no ring)
MPRegen 0.08/turn               (no ring)

@: mighty, lightly drained
A: horns 2, retaliatory headbutt
a: Renounce Religion, Berserk, Trog's Hand


You were on level 2 of the Dungeon.
You worshipped Trog.
Trog was pleased with you.
You visited 1 branch of the dungeon, and saw 2 of its levels.

You collected 54 gold pieces.

Inventory:

Hand Weapons
 a - a +0 hand axe (weapon)
Armour
 b - a +0 animal skin
 g - a +0 chain mail (worn)
Jewellery
 j - a ring of ice
Wands
 k - a wand of mindburst (12)
Scrolls
 d - 2 scrolls of identify {unknown}
 f - a scroll of noise {unknown}
Potions
 c - a potion of lignification {unknown}
 e - a potion of haste {unknown}
 h - a potion of curing {unknown}
 i - a potion of mutation {unknown}


   Skills:
 + Level 4.3 Fighting
 + Level 4.9 Axes
 + Level 2.9 Armour
 + Level 2.5 Dodging


You had 2 spell levels left.
You didn't know any spells.
Your spell library was empty.

Dungeon Overview and Level Annotations

Branches:
Dungeon (2/15)

Altars:

Annotations:
D:2 Crazy Yiuf


Innate Abilities, Weirdness & Mutations

You have a pair of horns on your head.
You reflexively headbutt those who attack you in melee.


Message History

You completely miss the worm.
The worm is severely wounded.
The worm bites you.
You hit the worm.
The worm is severely wounded.
You slash the worm!
You kill the worm!
Trog accepts your kill.
Found a mace.
Found a runed translucent door.
A goblin comes into view. It is wielding a +0 club.
The goblin shouts!
You slash the goblin!
You kill the goblin!
Trog accepts your kill. As you open the door, it creaks loudly!
You fail to use your ability.
Crazy Yiuf hits you but does no damage.
You feel drained.
You hit Crazy Yiuf.
Crazy Yiuf is lightly wounded.
Crazy Yiuf hits you with a +4 quarterstaff of chaos!
You hit Crazy Yiuf.
Crazy Yiuf is lightly wounded.
Crazy Yiuf hits you with a +4 quarterstaff of chaos.
You are electrocuted!
* * * LOW HITPOINT WARNING * * *
You barely miss Crazy Yiuf.
Crazy Yiuf is lightly wounded.
Crazy Yiuf hits you with a +4 quarterstaff of chaos.
* * * LOW HITPOINT WARNING * * *
You resist with some effort.
You slash Crazy Yiuf!
Crazy Yiuf is heavily wounded.
Crazy Yiuf hits you with a +4 quarterstaff of chaos.
* * * LOW HITPOINT WARNING * * *
You feel very mighty all of a sudden.
You hit Crazy Yiuf.
Crazy Yiuf is almost dead.
Crazy Yiuf cries, "You leg down broken song, no?"
Crazy Yiuf hits you with a +4 quarterstaff of chaos!
You die...

.....# #.# #.#
###### #.# #.. #.#
####### ###
#...... #.#####
♣♣♣♣♣## #.# ###
♣♣♣.♣...###.#
#...#♣..♣......#.#
#...g@♣♣♣♣P......#
#)..#♣♣ ♣♣..#...#
### ♣♣####.# #.#
#.# #.)....
#######


You could see Crazy Yiuf.

Vanquished Creatures
  2 adders (D:2)
  2 worms (D:2)
  3 ball pythons
  6 endoplasms
  8 goblins
  5 hobgoblins
  A kobold (D:2)
  2 quokkas
  A bat (D:1)
  A frilled lizard (D:1)
  3 rats
34 creatures vanquished.

Vanquished Creatures (others)
  2 fungi (D:2)
2 creatures vanquished.

Grand Total: 36 creatures vanquished

Notes
Turn   | Place    | Note
-------+----------+-------------------------------------------
     0 | D:1      | Aggronaut the Minotaur Berserker began the quest for the
                  | Orb.
     0 | D:1      | Reached XP level 1. HP: 19/19 MP: 0/0
   258 | D:1      | Reached XP level 2. HP: 20/27 MP: 1/1
   808 | D:1      | Found a faded altar of an unknown god.
  1034 | D:2      | Reached XP level 3. HP: 29/33 MP: 2/2
  1653 | D:2      | Reached ** piety under Trog
  1819 | D:2      | Found a runed translucent door.
  1820 | D:2      | Noticed Crazy Yiuf
  1855 | D:2      | HP: 1/32 [Crazy Yiuf (2)]
  1856 | D:2      | Demolished by Crazy Yiuf

Illustrated notes

Levels and vault maps discovered:
D:1:      lightli_arrival_isolated_outpost, layout_basic,
          chequers_ecumenical_altar_grove, serial_glass, glass_columns_c,
          glass_columns_b, feat_on_display, minmay_strange_pillars,
          item_on_display_a
D:2:      layout_basic, uniq_crazy_yiuf_cottage

Skill      XL: |  1  2 |
---------------+-------+-----
Axes           | 4 |  4.9
Fighting       | 4 |  4.3
Armour         | |  2.9
Dodging        | |  2.5

Action                   || total
-------------------------++-------
Melee: Hand axe          ||    79
       Headbutt          ||    13
Armor: Animal skin       ||     4
       Chain mail        ||    22
Dodge: Dodged            ||    36

Table legend: (Time is in decaauts)
 A = Elapsed time spent in this place.
 B = Non-inter-level travel time spent in this place.
 C = Inter-level travel time spent in this place.
 D = Time resting spent in this place.
 E = Time spent auto-exploring this place.
 F = Levels seen in this place.
 G = Mean time per level.
                   A        B        C        D        E       F      G
               +--------+--------+--------+--------+--------+-----+--------+
         Total |   1868 |   1845 |     23 |    437 |   1162 |   2 |  934.0 |
       Dungeon |   1868 |   1845 |     23 |    437 |   1162 |   2 |  934.0 |
               +--------+--------+--------+--------+--------+-----+--------+

Top non-repeatable levels by time:
     D:2: 974 daAuts
     D:1: 893 daAuts
